 Dungeon Crawl Stone Soup version 0.29.1-1-gd02db6906a (webtiles) character file.

Game seed: 8341328839847606725

392 jamesp the Insei (level 6, -5/39 (42) HPs)
             Began as an Octopode Transmuter on Oct 5, 2022.
             Slain by a wight
             ... wielding a +5 trident
              (11 damage)
             ... on level 4 of the Dungeon.
             The game lasted 00:08:59 (4364 turns).

jamesp the Insei (Octopode Transmuter)              Turns: 4364, Time: 00:08:59

HP:   -5/39 (42)    AC:  5    Str:  9    XL:     6   Next: 81%
MP:   10/11         EV: 13    Int: 17    God:
Gold: 178           SH:  0    Dex: 13    Spells: 11/12 levels left

rFire   . . .      SeeInvis .     - Unarmed
rCold   . . .      Faith    .   (no shield)
rNeg    . . .      Spirit   .   (helmet currently unavailable)
rPois   .          Reflect  .   (no amulet)
rElec   .          Harm     .   g - +4 ring of protection
rCorr   .          Rampage  .   (no ring)
Will    .....                   (no ring)
Stlth   ++........              (no ring)
HPRegen 0.13/turn               (no ring)
MPRegen 0.12/turn               (no ring)
                                (no ring)
                                (no ring)

@: appendages, drained
A: tentacle spike 3, almost no armour, amphibious, 8 rings, camouflage 1,
gelatinous body 1, (nimble swimmer 1), tentacles
a: End Transformation


You were on level 4 of the Dungeon.
One of your tentacles had grown a beastly spike.
You visited 1 branch of the dungeon, and saw 4 of its levels.

You collected 178 gold pieces.

Inventory:

Missiles
 d - 26 stones
 f - 15 poisoned darts (quivered)
Jewellery
 g - a +4 ring of protection (left tentacle)
 q - an amulet of faith
Wands
 p - a wand of paralysis (4)
Scrolls
 b - a scroll of identify
 e - 4 scrolls of teleportation {unknown}
 h - 2 scrolls of blinking {unknown}
 j - a scroll of amnesia {unknown}
 m - a scroll of magic mapping {unknown}
 n - a scroll of vulnerability {unknown}
 o - a scroll of enchant armour {unknown}
Potions
 a - 2 potions of lignification
 c - a potion of magic
 i - 2 potions of invisibility
 l - 3 potions of might {unknown}


   Skills:
 + Level 3.3 Fighting
 - Level 2.0 Dodging
 + Level 4.4 Unarmed Combat
 + Level 3.6 Spellcasting
 + Level 3.9 Transmutations


You had 11 spell levels left.
You knew the following spells:

 Your Spells              Type           Power      Damage    Failure   Level
a - Beastly Appendage     Tmut           32%        N/A       3%          1

Your spell library contained the following spells:

 Spells                   Type           Power      Damage    Failure   Level
 Wereblood                Tmut           16%        N/A       4%          2
 Spider Form              Tmut/Pois      9%         N/A       22%         3
 Ice Form                 Ice/Tmut       9%         N/A       58%         4


Dungeon Overview and Level Annotations

Branches:
Dungeon (4/15)
 Temple: D:4-7

Altars:


Innate Abilities, Weirdness & Mutations

One of your tentacles has grown a beastly spike.
You cannot wear most types of armour.
You are amphibious.
You can wear up to eight rings at the same time.
Your skin changes colour to match your surroundings (Stealth+).
Your rubbery body absorbs attacks. (AC +1, EV +1)
((You are camouflaged when in or above water. (Stealth+)))
You have tentacles for arms and can constrict up to eight enemies at once.


Message History

You squeeze the quokka.
You kill the quokka!
You start resting.
HP restored.
There is an open door here.
Things that are here:
a +0 scimitar; a +0 robe
There is an open door here.
Things that are here:
a +3 spear; a +0 robe You see here a +0 club.
Things that are here:
a +0 dagger; a +0 chain mail; a +0 dagger
Things that are here:
a +0 short sword; a +0 scale mail
Things that are here:
a +0 falchion; a +0 chain mail
Things that are here:
a +0 short sword; a +0 scale mail A wight comes into view.
It is wielding a +5 trident.
Casting: Beastly Appendage (safe; 3% risk of failure)
Confirm with . or Enter, or press ? or * to list all spells.
One of your tentacles grows a vicious spike.
The wight hits you from afar with a +5 trident!
You feel drained. The wight hits you with a +5 trident.
You feel drained.
You barely miss the wight. You grab the wight.
You pierce the wight, but do no damage.
You tentacle-slap the wight, but do no damage.
You constrict the wight, but do no damage.
The wight hits you with a +5 trident!
* * * LOW HITPOINT WARNING * * *
You tentacle-slap the wight but do no damage.
You squeeze the wight, but do no damage.
You constrict the wight, but do no damage.
The wight closely misses you.
You barely miss the wight.
Your tentacle spike misses the wight.
You constrict the wight, but do no damage.
The wight hits you with a +5 trident!
You die...

#........# #....##....#.....
#.#####..###....##....#.....
#.# #......# #....#..... #.#
#......# #....#..... #.#
#......#####....#..... #.#
#.##...)##.....##[....
#.#####........'.....##.....
#.#....##...##.#))...####...
#.........z@...))..#)#......
###....#######.....#)####...
#....# ##....#.####...
#....# ##..##.##..... ######
####...####.. +.........'..
####...####.. # ##.##.....
##. #.#...##.


You could see a wight.

Vanquished Creatures
  3 wights (D:4)
  A hound (D:4)
  An orc priest (D:3)
  An iguana (D:4)
  An orc wizard (D:3)
  A gnoll (D:1)
  2 adders
  17 orcs
  5 bats
  6 endoplasms
  4 giant cockroaches
  8 goblins
  8 hobgoblins
  3 jackals (D:4)
  4 quokkas
  5 ball pythons
  3 frilled lizards
  A kobold (D:1)
  4 rats
78 creatures vanquished.

Notes
Turn   | Place    | Note
-------+----------+-------------------------------------------
     0 | D:1      | jamesp the Octopode Transmuter began the quest for the Orb.
     0 | D:1      | Reached XP level 1. HP: 13/13 MP: 3/3
   292 | D:1      | Reached XP level 2. HP: 18/18 MP: 3/5
   777 | D:1      | Reached XP level 3. HP: 23/23 MP: 6/6
  2223 | D:3      | Reached XP level 4. HP: 10/29 MP: 5/8
  3178 | D:3      | Reached XP level 5. HP: 35/35 MP: 7/9
  3514 | D:4      | Reached skill level 4 in Unarmed Combat
  3892 | D:4      | Reached XP level 6. HP: 40/41 MP: 8/10
  4364 | D:4      | Slain by a wight

Illustrated notes

Levels and vault maps discovered:
D:1:      lightli_arrival_isolated_outpost, layout_rooms
D:2:      layout_basic, grunt_decor_resistance, skrybe_limestone_x,
          minmay_misc_feat_nine_boxes
D:3:      layout_loops_ring
D:4:      layout_basic, tso_altar, dilly_guarded_unrand_throatcut

Skill      XL: |  1  2  3  4  5  6 |
---------------+-------------------+-----
Fighting       | 2 3 |  3.3
Transmutations | 3 |  3.9
Spellcasting   | 3 |  3.6
Unarmed Combat | 4 |  4.4
Dodging        | |  2.0

Action                   |  1- 3 |  4- 6 || total
-------------------------+-------+-------++-------
Melee: Unarmed           |    78 |   114 ||   192
       Kick              |    23 |    44 ||    67
       Constrict         |    16 |    33 ||    49
       Tentacles         |    16 |    32 ||    48
       Punch             |     2 |     6 ||     8
Throw: Dart              |       |     2 ||     2
 Cast: Beastly Appendage |    21 |    21 ||    42
  Use: Scroll            |       |     3 ||     3
       Potion            |       |     1 ||     1
 Stab: Sleeping          |     4 |     3 ||     7
Armor: Skin              |    10 |    14 ||    24
Dodge: Dodged            |    55 |    75 ||   130
